 Dungeon Crawl Stone Soup version 0.28-a0-1624-g820543e53a (webtiles) character file.

Game seed: 753368426146107729

15057 frimble the Fighter (level 11, -6/90 HPs)
             Began as a Demonspawn Warper on Jan 23, 2022.
             Was a Believer of Cheibriados.
             Shot with an arrow by a centaur warrior (10 damage)
             ... on level 13 of the Dungeon on Jan 24, 2022.
             The game lasted 00:18:23 (16564 turns).

frimble the Fighter (Demonspawn Warper)            Turns: 16564, Time: 00:18:23

Health: -6/90      AC: 15    Str: 20    XL:     11   Next: 96%
Magic:  14/14      EV: 13    Int: 24    God:    Cheibriados [**....]
Gold:   1038       SH:  0    Dex: 17    Spells: 12/14 levels left

rFire   + . .      SeeInvis .     - Unarmed
rCold   . . .      Faith    .   (no shield)
rNeg    . . .      Spirit   .   p - +3 ring mail "Gyfriazy" {rF+ Int+3 Slay+3}
rPois   .          Reflect  .   l - +2 hat
rElec   .          Harm     .   k - +2 cloak
rCorr   .          Rampage  .   (gloves unavailable)
Will    .....                   N - +0 pair of boots
Stlth   ++........              j - amulet of magic regeneration
HPRegen 0.25/turn               (no ring)
MPRegen 0.54/turn               (no ring)

@: very slow
A: claws 3, hooves 2, horns 1, foul stench 3
a: Renounce Religion, Bend Time


You were on level 13 of the Dungeon.
You worshipped Cheibriados.
Cheibriados was pleased with you.
You visited 2 branches of the dungeon, and saw 14 of its levels.

You collected 1038 gold pieces.

Inventory:

Missiles
 d - 5 boomerangs of dispersal
 n - 35 poisoned darts (quivered)
 v - 7 boomerangs
 I - 2 javelins
Armour
 k - a +2 cloak (worn)
 l - a +2 hat (worn)
 p - the +3 ring mail "Gyfriazy" (worn) {rF+ Int+3 Slay+3}
   (You found it on level 2 of the Dungeon)

   Int:       It affects your intelligence (+3).
   Slay:      It affects your accuracy & damage with ranged weapons and melee
   (+3).
   rF:        It protects you from fire.
 x - the +3 ring mail "Qiacwain" {rF+ rCorr}
   (You found it on level 5 of the Dungeon)

   rF:        It protects you from fire.
   rCorr:     It protects you from acid and corrosion.
 E - the +4 chain mail of Light {rF+}
   (You found it on level 7 of the Dungeon)

   rF:        It protects you from fire.
 N - a +0 pair of boots (worn)
Jewellery
 j - an amulet of magic regeneration (around neck)
 q - a ring of fire
 y - a ring of positive energy
 F - a ring of ice
 G - a ring of magical power
 L - an amulet of faith
Wands
 f - a wand of acid (6)
 B - a wand of polymorph (13)
 D - a wand of paralysis (7)
 M - a wand of flame (2)
Scrolls
 a - 2 scrolls of enchant armour
 c - a scroll of blinking
 g - a scroll of fear
 h - 8 scrolls of identify
 r - 8 scrolls of teleportation
 s - a scroll of vulnerability
 t - a scroll of immolation
 w - a scroll of holy word
 C - a scroll of fog
 J - 2 scrolls of enchant weapon
Potions
 b - a potion of degeneration
 e - 2 potions of attraction
 i - a potion of might
 m - 5 potions of flight
 o - 4 potions of curing
 u - 2 potions of heal wounds {unknown}
 z - a potion of haste
 A - a potion of brilliance
 H - a potion of resistance {unknown}
 K - a potion of magic {unknown}


   Skills:
 + Level 9.9 Fighting
 - Level 2.5 Short Blades
 - Level 6.0 Throwing
 - Level 5.0 Armour
 - Level 5.0 Dodging
 - Level 5.0 Stealth
 + Level 9.6 Unarmed Combat
 - Level 2.0 Spellcasting
 - Level 5.0 Translocations
 + Level 2.7 Invocations
 - Level 5.0 Evocations


You had 12 spell levels left.
You knew the following spells:

 Your Spells              Type           Power      Damage    Failure   Level
a - Blink                 Tloc           52%        N/A       3%          2

Your spell library contained the following spells:

 Spells                   Type           Power      Damage    Failure   Level
 Gell's Gravitas          Tloc           26%        N/A       8%          3
 Lesser Beckoning         Tloc           26%        N/A       8%          3
 Teleport Other           Tloc           26%        N/A       8%          3
 Corpse Rot               Necr/Air       4%         N/A       28%         2
 Ensorcelled Hibernation  Hex/Ice        4%         N/A       28%         2
 Poisonous Vapours        Pois/Air       4%         N/A       28%         2
 Static Discharge         Conj/Air       2%         N/A       28%         2
 Spider Form              Tmut/Pois      2%         N/A       50%         3
 Manifold Assault         Tloc           26%        N/A       56%         5
 Anguish                  Hex/Necr       1%         N/A       88%         4
 Lightning Bolt           Conj/Air       1%         1d12      99%         5
 Maxwell's Capacitive Co  Air            1%         ∞         100%        8


Dungeon Overview and Level Annotations

Branches:
Dungeon (13/15)            Temple (1/1) D:4            Lair (0/6) D:11
    Orc (0/2) D:11
 Vaults: D:13-14

Altars:
Ashenzari
Cheibriados
Dithmenos
Elyvilon
Fedhas
Gozag
Hepliaklqana
Kikubaaqudgha
Makhleb
Okawaru
Qazlal
Ru
Sif Muna
Trog
Uskayaw
Vehumet
Wu Jian
Xom
Yredelemnul
Zin
The Shining One

Shops:
D:8 *==


Innate Abilities, Weirdness & Mutations

You have claws for hands.
You have hoof-like feet.
You have a pair of small horns on your head.
You frequently emit foul miasma when damaged in melee.


Message History

You scratch the boulder beetle.
You headbutt the boulder beetle, but do no damage.
The boulder beetle is moderately wounded.
The boulder beetle bites you but does no damage.
You claw the boulder beetle!
The boulder beetle is heavily wounded.
The boulder beetle bites you but does no damage.
You scratch the boulder beetle but do no damage.
The boulder beetle is heavily wounded.
The boulder beetle bites you!
You emit a cloud of foul miasma!
You scratch the boulder beetle but do no damage.
The boulder beetle is heavily wounded.
You claw the boulder beetle!
Your headbutt misses the boulder beetle.
You claw the boulder beetle.
The boulder beetle is severely wounded.
The boulder beetle is engulfed in dark miasma.
The boulder beetle is poisoned.
The boulder beetle bites you!!
* * * LOW HITPOINT WARNING * * *
Okay, then.
Unknown command.
You claw the boulder beetle! You headbutt the boulder beetle!
The boulder beetle is almost dead.
The boulder beetle is engulfed in dark miasma.
The boulder beetle looks even sicker.
You kill the boulder beetle!
Cheibriados thoroughly appreciates the change of pace.
Cheibriados raises the support of your attributes as your movement slows.
Okay, then.
Unknown command.
As you read the scroll of fear, it crumbles to dust.
You assume a fearsome visage.
The centaur looks frightened! x2
The centaur warrior shoots an arrow.
The arrow hits you!
* * * LOW HITPOINT WARNING * * *
Aiming: Paralyse
Press: ? - help, Shift-Dir - straight line, f - centaur warrior
Aim: a centaur warrior, wielding a +0 longbow and quivering arrows (chance to affect: 44%)
The centaur warrior resists with some effort.
The centaur warrior shoots an arrow.
The arrow hits you!
You die...

#...........(# . #
#...........##
....#.###.##.##.#....
.c......$.......# ...
c:.c$.....##.##<# ..
.....###.#.#c##c#...
>.c. .###.........
./c .# ##☼>c....^ ##
# #@#######. #.## #.#
#. #


You could see a centaur warrior and 2 centaurs.

Vanquished Creatures
  A boulder beetle (D:13)
  A hydra (D:9)
  2 two-headed ogres
  Pikel (D:8)
  A manticore (D:12)
  An ugly thing (D:13)
  3 cyclopes
  2 centaur zombies
  A gargoyle (D:12)
  An unseen horror (D:12)
  A kobold demonologist (D:10)
  A hornet (D:8)
  A troll (D:11)
  Prince Ribbit (D:8)
  Sigmund (D:4)
  3 shadows
  10 yaks
  A wyvern (D:10)
  3 wraiths
  2 basilisks (D:12)
  A golden eye (D:9)
  4 vampire mosquitoes (D:12)
  Edmund (D:4)
  An acid dragon (D:10)
  2 water moccasins
  2 ice beasts
  3 orc warriors
  2 swamp drakes (D:11)
  A black bear (D:7)
  A sky beast (D:6)
  3 necrophages
  4 centaurs
  3 wolves (D:11)
  A phantom (D:11)
  A lemure (D:8)
  3 kobold brigands (D:10)
  A bullfrog (D:11)
  A gnoll sergeant (D:8)
  3 scorpions
  A wyvern skeleton (D:7)
  11 killer bees
  9 wights
  An electric eel (D:11)
  3 howler monkeys (D:12)
  3 jellies
  2 gnoll shamans
  7 hounds
  4 orc priests
  2 bullfrog skeletons
  An iguana (D:6)
  7 orc wizards
  A killer bee zombie (D:7)
  6 ogre zombies (D:11)
  16 gnolls
  4 adders
  2 shadow imps (D:10)
  A white imp (D:6)
  An ufetubus (D:6)
  A worm (D:4)
  2 dart slugs
  24 orcs
  11 endoplasms
  4 giant cockroaches
  4 hobgoblins
  6 jackals (D:1)
  38 kobolds
  5 quokkas
  8 ball pythons
  5 bats
  2 frilled lizards
  10 goblins
  4 goblin skeletons (D:11)
  2 goblin zombies (D:11)
  A hobgoblin zombie (D:11)
  7 kobold skeletons (D:10)
  11 kobold zombies (D:10)
  An orc skeleton (D:11)
  10 orc zombies (D:11)
  4 rats
  A spectral orc (D:3)
319 creatures vanquished.

Vanquished Creatures (others)
  A frilled lizard (D:11)
  A plant (D:4)
2 creatures vanquished.

Grand Total: 321 creatures vanquished

Notes
Turn   | Place    | Note
-------+----------+-------------------------------------------
     0 | D:1      | frimble the Demonspawn Warper began the quest for the Orb.
     0 | D:1      | Reached XP level 1. HP: 16/16 MP: 3/3
   348 | D:1      | Discovered your monstrous ancestry.
   348 | D:1      | Gained mutation: You have sharp fingernails. [demonic
                  | ancestry]
   348 | D:1      | Reached XP level 2. HP: 22/22 MP: 5/5
   591 | D:1      | Reached skill level 1 in Unarmed Combat
  1023 | D:1      | Gained mutation: You have large cloven feet. [demonic
                  | ancestry]
  1023 | D:1      | Reached XP level 3. HP: 26/27 MP: 6/6
  2403 | D:2      | Gained mutation: You may rarely emit foul miasma when
                  | damaged in melee. [demonic ancestry]
  2403 | D:2      | Reached XP level 4. HP: 27/33 MP: 7/7
  2675 | D:2      | Identified the +3 ring mail "Gyfriazy" {rF+ Int+3 Slay+3}
  2972 | D:3      | Gained mutation: You have a pair of small horns on your
                  | head. [demonic ancestry]
  2972 | D:3      | Reached XP level 5. HP: 27/38 MP: 8/8
  3175 | D:3      | Identified the +0 chain mail of Autumn {*Slow Str+8}
  3397 | D:3      | Found a basalt altar of Yredelemnul.
  3542 | D:4      | Found a shimmering altar of Xom.
  3621 | D:4      | Noticed a necrophage
  3630 | D:4      | Killed a necrophage
  3631 | D:4      | Reached skill level 5 in Unarmed Combat
  3631 | D:4      | Gained mutation: You have very sharp fingernails. [demonic
                  | ancestry]
  3631 | D:4      | Reached XP level 6. HP: 38/44 MP: 9/9
  3924 | D:4      | Found a staircase to the Ecumenical Temple.
  4261 | D:4      | Noticed Sigmund
  4282 | D:4      | Killed Sigmund
  4283 | D:4      | Gained mutation: You sometimes emit foul miasma when
                  | damaged in melee. [demonic ancestry]
  4283 | D:4      | Reached XP level 7. HP: 39/50 MP: 10/10
  4364 | D:4      | Noticed Edmund
  4372 | D:4      | Killed Edmund
  4441 | D:5      | Entered Level 5 of the Dungeon
  4525 | D:5      | HP: 1/50 [orc priest/divine providence (14)]
  4893 | D:5      | Identified the +3 ring mail "Qiacwain" {rF+ rCorr}
  5762 | D:5      | Reached skill level 1 in Armour
  5762 | D:5      | Reached XP level 8. HP: 54/57 MP: 11/11
  5866 | D:5      | You fall into a shaft and drop 3 floors!
  5888 | D:8      | Noticed a hornet
  5895 | D:8      | Killed a hornet
  5934 | D:8      | Found a radiant altar of Vehumet.
  5936 | D:8      | Noticed Prince Ribbit
  5987 | D:8      | Killed Prince Ribbit
  6391 | D:8      | Found Reywecif's General Store.
  6420 | D:8      | Found a blossoming altar of Fedhas.
  6539 | D:8      | Found a sacrificial altar of Ru.
  6608 | D:8      | Found Peapymn's Jewellery Emporium.
  6616 | D:8      | Gained mutation: You have hoof-like feet. [demonic
                  | ancestry]
  6616 | D:8      | Reached XP level 9. HP: 65/65 MP: 12/12
  6951 | D:8      | Noticed Pikel
  6963 | D:8      | Killed Pikel
  6964 | D:8      | Reached skill level 5 in Fighting
  6964 | D:8      | Reached skill level 5 in Armour
  6964 | D:8      | Reached skill level 5 in Translocations
  7158 | D:8      | Found Qaukkal's Jewellery Shoppe.
  7412 | D:7      | Reached skill level 5 in Dodging
  7469 | D:7      | Reached skill level 1 in Stealth
  7469 | D:7      | Reached skill level 1 in Evocations
  7608 | D:7      | Learned a level 2 spell: Blink
  7647 | D:6      | Identified a scroll of acquirement
  7648 | D:6      | Acquired 481 gold pieces
  7955 | D:6      | Found a bloodstained altar of Trog.
  7958 | D:6      | Found a stormy altar of Qazlal.
  8196 | D:6      | Gained mutation: You frequently emit foul miasma when
                  | damaged in melee. [demonic ancestry]
  8196 | D:6      | Reached XP level 10. HP: 76/76 MP: 13/13
  8653 | D:7      | Reached skill level 1 in Throwing
  8790 | D:7      | Found a hide-covered altar of Uskayaw.
  8799 | D:7      | Found a hazy altar of Hepliaklqana.
  9190 | D:7      | Identified the +4 chain mail of Light {rF+}
  9792 | D:9      | Noticed a four-headed hydra
  9798 | D:9      | Killed a four-headed hydra
 10054 | D:9      | Found a shimmering blue altar of Sif Muna.
 10968 | D:10     | Entered Level 10 of the Dungeon
 10979 | D:10     | Reached skill level 5 in Stealth
 11313 | D:10     | Found a broken altar of Ashenzari.
 11335 | D:10     | Reached skill level 5 in Evocations
 11480 | D:10     | Found an ancient bone altar of Kikubaaqudgha.
 11756 | D:10     | Found an ancient bone altar of Kikubaaqudgha.
 11997 | D:10     | Gained mutation: You have claws for hands. [demonic
                  | ancestry]
 11997 | D:10     | Reached XP level 11. HP: 71/85 MP: 14/14
 12097 | D:10     | Noticed a two-headed ogre
 12108 | D:10     | Killed a two-headed ogre
 12119 | D:10     | Reached skill level 5 in Throwing
 12568 | Temple   | Entered the Ecumenical Temple
 12645 | Temple   | Became a worshipper of Cheibriados the Contemplative
 13868 | D:11     | Reached * piety under Cheibriados
 14042 | D:11     | Found a staircase to the Lair.
 14081 | D:11     | Found a staircase to the Orcish Mines.
 14167 | D:11     | Reached ** piety under Cheibriados
 14974 | D:12     | Noticed a two-headed ogre
 14987 | D:12     | Killed a two-headed ogre
 15003 | D:12     | HP: 4/89 [something (4)]
 16424 | D:13     | Noticed a purple ugly thing
 16430 | D:13     | Killed a purple ugly thing
 16431 | D:13     | Reached skill level 1 in Invocations
 16550 | D:13     | Noticed a centaur warrior
 16552 | D:13     | Noticed a boulder beetle
 16562 | D:13     | Killed a boulder beetle
 16563 | D:13     | HP: 4/90 [centaur warrior/arrow (7)]
 16564 | D:13     | Shot with an arrow by a centaur warrior

Illustrated notes

Levels and vault maps discovered:
D:1:      elethiomel_arrival_infinity_welcomes_careful_drivers,
          layout_loops_ring, minmay_tromino_mix6
D:2:      layout_basic, minmay_bisected
D:3:      layout_rooms, yredelemnul_forgotten_temple_becter
D:4:      layout_loops_ring, mainiacjoe_overflow_24_doors,
          minmay_temple_entry_drinking_statues, sigmund_edmund_badplayer
D:5:      layout_gridville, minivault_14
D:6:      layout_basic, minitemple, portal_sewer_entry_e,
          minmay_misc_feat_nine_boxes
D:7:      layout_cave_pools, mainiacjoe_overflow_catwalk,
          mainiacjoe_overflow_six_doors_small, minmay_misc_feat_chi
D:8:      layout_loops_cross, mainiacjoe_overflow_cross_hatched,
          mainiacjoe_overflow_small_starburst, kennysheep_little_box,
          serial_shops, shop, shop, nicolae_shop_advertising_works
          [nicolae_subvault_shop_adworks], uniq_prince_ribbit1, uniq_pikel
D:9:      layout_gridville, mainiacjoe_overflow_concentric_impassable
D:10:     wander_kiku_kobolds, layout_irregular_city,
          nicolae_overflow_hidden_temple, overflow_temple_1_default,
          kennysheep_generic_room_16
D:11:     layout_basic, erik_lair_island, zombieorc1_lemuel
D:12:     layout_roguey, serial_curves, eino_curves_02, eino_curves_04
D:13:     layout_loops_ring
Temple:   compressed_dpeg_triangle_lava_temple

Skill      XL: |  1  2  3  4  5  6  7  8  9 10 11 |
---------------+----------------------------------+-----
Short Blades   | 2 |  2.5
Unarmed Combat | 1 2 3 5 6 8 9 |  9.6
Dodging        | 2 3 5 |  5.0
Armour         | 1 3 5 |  5.0
Translocations | 3 4 5 |  5.0
Fighting       | 4 5 7 9 |  9.9
Stealth        | 2 5 |  5.0
Evocations     | 2 5 |  5.0
Throwing       | 4 6 |  6.0
Invocations    | 2 |  2.7
Spellcasting   | |  2.0

Action                   |  1- 3 |  4- 6 |  7- 9 | 10-12 || total
-------------------------+-------+-------+-------+-------++-------
Melee: Short sword       |    63 |       |       |       ||    63
       Unarmed           |    99 |   103 |   173 |   420 ||   795
       Kick              |    25 |    32 |    51 |   114 ||   222
       Punch             |     1 |     1 |     8 |    24 ||    34
       Headbutt          |       |     5 |    36 |    83 ||   124
Throw: Dart              |       |       |    13 |    23 ||    36
 Cast: Blink             |       |       |       |     5 ||     5
Evoke: Wand              |       |       |       |    18 ||    18
  Use: Potion            |       |       |     4 |     1 ||     5
       Scroll            |       |       |    14 |    11 ||    25
 Stab: Sleeping          |       |       |       |     1 ||     1
Armor: Leather armour    |    33 |       |       |       ||    33
       Ring mail         |       |    43 |    54 |   173 ||   270
Dodge: Dodged            |    89 |    48 |    74 |   251 ||   462

Table legend: (Time is in decaauts)
 A = Elapsed time spent in this place.
 B = Non-inter-level travel time spent in this place.
 C = Inter-level travel time spent in this place.
 D = Time resting spent in this place.
 E = Time spent auto-exploring this place.
 F = Levels seen in this place.
 G = Mean time per level.
                   A        B        C        D        E       F      G
               +--------+--------+--------+--------+--------+-----+--------+
         Total |  17196 |  16254 |    942 |    869 |  13102 |  14 | 1228.3 |
       Dungeon |  17104 |  16189 |    915 |    869 |  13044 |  13 | 1315.7 |
        Temple |     91 |     65 |     26 |      0 |     58 |   1 |   91.0 |
               +--------+--------+--------+--------+--------+-----+--------+

Top non-repeatable levels by time:
    D:12: 2300 daAuts
    D:11: 1883 daAuts
     D:1: 1642 daAuts
     D:9: 1615 daAuts
     D:5: 1604 daAuts
    D:10: 1509 daAuts
     D:8: 1441 daAuts
     D:7: 1146 daAuts
     D:2: 1053 daAuts
     D:4: 975 daAuts
     D:6: 897 daAuts
     D:3: 780 daAuts
    D:13: 254 daAuts
  Temple: 91 daAuts
